 Dungeon Crawl Stone Soup version 0.30.0-30-g96aa6591b8 (webtiles) character file.

Game seed: 16307169218450708093

96 Chiseanne the Sneak (level 4, -1/33 HPs)
             Began as an Octopode Delver on June 28, 2023.
             Slain by a wyvern (9 damage)
             ... on level 7 of the Dungeon.
             The game lasted 00:02:41 (405 turns).

Chiseanne the Sneak (Octopode Delver)                Turns: 405, Time: 00:02:41

Health: -1/33      AC:  1    Str: 11    XL:     4   Next: 67%
Magic:  4/4        EV: 14    Int: 18    God:
Gold:   482        SH:  0    Dex: 15    Spells: 3/3 levels left

rFire   . . .        a - +6 broad axe (venom)
rCold   x . .        (no shield)
rNeg    . . .        (helmet restricted)
rPois   +            (no amulet)
rElec   .            k - ring "Neetin" {rPois rC- Int+6 Slay+4}
rCorr   .            (no ring)
SInv    .            (no ring)
Will    .....        (no ring)
Stlth   +++++        (no ring)
HPRegen 0.25/turn    (no ring)
MPRegen 0.09/turn    (no ring)
                     (no ring)

%: no passive effects
@: no status effects
A: almost no armour, amphibious, 8 rings, camouflage 1, gelatinous body 1,
(nimble swimmer 1), tentacles
a: no special abilities


You were on level 7 of the Dungeon.
You visited 1 branch of the dungeon, and saw 3 of its levels.

You collected 482 gold pieces.

Inventory:

Hand Weapons
 a - a +6 broad axe of venom (weapon)
 c - a +3 sling
Missiles
 i - 2 stones (quivered)
Jewellery
 k - the ring "Neetin" (left tentacle) {rPois rC- Int+6 Slay+4}
   (You acquired it on level 6 of the Dungeon)

   [ring of slaying]

   Int:       It affects your intelligence (+6).
   Slay:      It affects your accuracy & damage with ranged weapons and melee
   (+4).
   rC:        It makes you vulnerable to cold.
   rPois:     It protects you from poison.
Wands
 f - a wand of digging (2)
Scrolls
 b - a scroll of fog
 d - a scroll of fear
Potions
 e - a potion of haste
 h - 2 potions of curing {unknown}


   Skills:
 * Level 3.9 Fighting
 - Level 2.0 Short Blades
 * Level 3.1 Dodging
 * Level 7.5 Stealth


You had 3 spell levels left.
You didn't know any spells.
Your spell library contained the following spells:

 Spells                   Type           Power      Damage    Failure   Level
 Ensorcelled Hibernation  Hex/Ice        0%         N/A       32%         2
 Spider Form              Tmut/Pois      0%         N/A       54%         3
 Anguish                  Hex/Necr       0%         N/A       91%         4


Dungeon Overview and Level Annotations

Branches:
Dungeon (7/15)
 Temple: D:4-7

Altars:
Ru

Annotations:
D:6 1 exclusion, Sigmund


Innate Abilities, Weirdness & Mutations

You cannot wear most types of armour.
You are amphibious.
You can wear up to eight rings at the same time.
Your skin changes colour to match your surroundings (Stealth+).
Your rubbery body absorbs attacks. (AC +1, EV +1)
((You are camouflaged when in or above water. (Stealth+)))
You have tentacles for arms and can constrict up to eight enemies at once.


Message History

Found a dagger.
You pick up a book of Dreams and begin reading...
You add the spells Ensorcelled Hibernation, Spider Form and Anguish to your library.
Okay, then.
As you read the scroll labelled DUMAP WIMOIGO, it crumbles to dust.
You feel strangely unstable.
It was a scroll of teleportation.
As you read the scroll labelled UCZUFEMEPAST, it crumbles to dust.
It is a scroll of amnesia.
You feel forgetful for a moment.
Your surroundings suddenly seem different.
A black bear comes into view.
An orc priest and 4 orcs come into view.
Found a glowing lead wand.
Aiming: Dig
Press: ? - help, Shift-Dir - straight line A rock wall.
The rock shatters into small pieces.
An ogre comes into view. It is wielding a +0 giant spiked club.
Press: ? - help, v - describe, . - travel The floor.
Placed new exclusion.
There is a stone staircase leading down here.
There is a stone staircase leading up here.
(D) Dungeon
Where to? (Enter - D:5 @ (x,y), ? - help)
Okay, then.
There is a stone staircase leading down here.
You climb downwards.
There is a stone staircase leading up here.
The helpless wyvern fails to defend itself.
You slash the wyvern!
The wyvern is poisoned.
The wyvern is moderately wounded.
The wyvern bites you. The wyvern bites you!!
Ouch! That really hurt!
You barely miss the wyvern.
The wyvern is moderately wounded.
The wyvern bites you!
* * * LOW HITPOINT WARNING * * *
The wyvern bites you!
You die...

..
######.#
#......
#.#...#
#.#...#
#.#.#.#
#.#.#.#
#l@..<#
#######


You could see a wyvern (very poisoned).

Vanquished Creatures
  A bullfrog (D:6)
  A hound (D:6)
  An ufetubus (D:6)
3 creatures vanquished.

Notes
Turn   | Place    | Note
-------+----------+-------------------------------------------
     0 | D:5      | Chiseanne the Octopode Delver began the quest for the Orb.
     0 | D:5      | Reached XP level 1. HP: 16/16 MP: 1/1
    20 | D:5      | Noticed a scorpion
    34 | D:5      | Found a sacrificial altar of Ru.
    84 | D:5      | Noticed a scorpion
   149 | D:6      | Noticed Sigmund
   184 | D:6      | Noticed a bullfrog
   191 | D:6      | Killed a bullfrog
   192 | D:6      | Reached skill level 7 in Stealth
   192 | D:6      | Reached XP level 2. HP: 13/22 MP: 2/2
   192 | D:6      | Reached XP level 3. HP: 17/27 MP: 3/3
   192 | D:6      | Reached XP level 4. HP: 20/33 MP: 4/4
   242 | D:6      | Identified a scroll of acquirement
   242 | D:6      | Acquired 414 gold pieces
   286 | D:6      | Acquired the ring "Neetin" {rPois rC- Int+6 Slay+4}
   288 | D:6      | Acquired a +6 broad axe of venom
   365 | D:6      | Noticed a black bear
   379 | D:6      | Noticed an ogre
   400 | D:7      | Noticed a wyvern
   405 | D:7      | Slain by a wyvern

Illustrated notes

Levels and vault maps discovered:
D:5:      nicolae_cairo_tiling_large_dashed, layout_basic,
          nicolae_ru_awakened_eye, uniq_eustachio
D:6:      layout_loops_ring, nicolae_overflow_two_pavilions, uniq_sigmund,
          uniq_pikel
D:7:      layout_basic, gammafunk_ghost_split, minmay_fractal_squares_5

Skill      XL: |  1  2  3  4 |
---------------+-------------+-----
Stealth        | 7 |  7.5
Dodging        | 3 |  3.1
Fighting       | |  3.9
Short Blades   | |  2.0

Action                     |  1- 3 |  4- 6 || total
---------------------------+-------+-------++-------
  Melee: Short sword       |     2 |     5 ||     7
         Constrict         |     1 |     1 ||     2
         Tentacles         |     1 |     1 ||     2
         Broad axe         |       |     3 ||     3
  Evoke: Wand              |       |     1 ||     1
    Use: Scroll            |     1 |     6 ||     7
   Stab: Sleeping          |     1 |     1 ||     2
  Dodge: Dodged            |     1 |     6 ||     7
